 Dungeon Crawl Stone Soup version 0.29.1-13-g9f3cf754e1 (webtiles) character file.

Game seed: 8061267724457437280

119 flickminster the Insei (level 4, 0/37 HPs)
             Began as a Draconian Transmuter on Feb 4, 2023.
             Slain by an orc
             ... wielding a +0 whip
              (5 damage)
             ... on level 3 of the Dungeon.
             The game lasted 00:13:29 (3047 turns).

flickminster the Insei (Draconian Transmuter)       Turns: 3047, Time: 00:13:30

Health: 0/37       AC:  8    Str: 11 (12) XL:     4   Next: 73%
Magic:  7/8        EV: 12    Int: 12 (14) God:
Gold:   173        SH:  0    Dex: 13      Spells: 7/8 levels left

rFire   . . .      SeeInvis .     - Unarmed
rCold   . . .      Faith    .   (no shield)
rNeg    . . .      Spirit   .   (body armour unavailable)
rPois   .          Reflect  .   (helmet currently unavailable)
rElec   .          Harm     .   h - +2 cloak
rCorr   .          Rampage  .   (no gloves)
Will    .....                   (boots currently unavailable)
Stlth   +.........              (no amulet)
HPRegen 0.12/turn               (no ring)
MPRegen 0.11/turn               (no ring)

@: appendages
A: horns 2, talons 2, AC +5, unfitting armour, cold-blooded
a: End Transformation


You were on level 3 of the Dungeon.
You had temporarily grown beastly horns and talons.
You visited 1 branch of the dungeon, and saw 3 of its levels.

You collected 173 gold pieces.

Inventory:

Hand Weapons
 f - a +4 quarterstaff of chaos
 m - a +2 hammer of protection
Missiles
 o - a throwing net
Armour
 b - a +0 ring mail
 h - a +2 cloak (worn)
Jewellery
 q - a ring of willpower
Scrolls
 a - a scroll of blinking {unknown}
 c - a scroll of butterflies {unknown}
 e - 2 scrolls of teleportation {unknown}
 g - 4 scrolls of identify {unknown}
 i - a scroll of magic mapping {unknown}
 l - a scroll of immolation {unknown}
Potions
 d - 2 potions of curing
 j - 2 potions of resistance {unknown}
 k - a potion of mutation {unknown}
 n - a potion of haste {unknown}
 p - a potion of ambrosia {unknown}


   Skills:
 + Level 2.3 Fighting
 + Level 2.5 Dodging
 + Level 3.6 Unarmed Combat
 + Level 2.7 Spellcasting
 + Level 2.8 Transmutations


You had 7 spell levels left.
You knew the following spells:

 Your Spells              Type           Power      Damage    Failure   Level
a - Beastly Appendage     Tmut           16%        N/A       8%          1

Your spell library contained the following spells:

 Spells                   Type           Power      Damage    Failure   Level
 Wereblood                Tmut           8%         N/A       12%         2
 Spider Form              Tmut/Pois      5%         N/A       38%         3
 Ice Form                 Ice/Tmut       5%         N/A       80%         4


Dungeon Overview and Level Annotations

Branches:
Dungeon (3/15)

Altars:
Wu Jian


Innate Abilities, Weirdness & Mutations

You have temporarily grown beastly horns and talons.
Your plain brown scales are hard. (AC +5)
You cannot fit into any form of body armour.
You are cold-blooded and may be slowed by cold attacks.


Message History

You miss something.
Your tail-slap misses something.
Your punch misses something.
Your horns disappear.
Your talons disappear.
Something hits you but does no damage.
You hit something.
You hear some strange, mumbled words.
A puff of flame appears from out of thin air!
The puff of flame misses you.
You closely miss something.
Your tail-slap misses something.
You hit something but do no damage.
You hear some strange, mumbled words.
A magic dart appears from out of thin air!
The magic dart hits you.
* * * LOW HITPOINT WARNING * * *
You hear some strange, mumbled words.
You are confused.
You're too confused to move!
Something hits you but does no damage. The orc hits you but does no damage.
You hit something.
Reactivating autopickup.
You feel a bit more experienced. The orc barely misses you.
You're too confused to move!
The orc hits you but does no damage. The orc attacks as you move away!
The orc hits you but does no damage.
You bump into the rock wall.
You feel less confused. The orc closely misses you.
The orc attacks as you move away! The orc misses you.
The orc attacks as you move away! The orc hits you with a +0 whip.
* * * LOW HITPOINT WARNING * * *
The orc attacks as you move away! The orc misses you.
The orc attacks as you move away! The orc barely misses you.
You see here 4 stones.
Casting: Beastly Appendage (safe; 8% risk of failure)
Press: ? - help, Q - select action, (/) - cycle Dir - look around, f - activate You grow a pair of large bovine horns.
Your feet morph into talons.
The orc barely misses you.
You hit the orc. You claw the orc.
The orc is moderately wounded.
The orc hits you with a +0 whip.
You die...

#.## ... #..#
#>. ##.### #<#
#...## #.#
###..## #.#
##..#### #.#
##....#### #.#
####....#######
#.#
####....@oo#
#.# ###
#######.## #.#
..### #..##
##.# #...##
##..####.)#
###..###
##...##o##
##...# ###.#..#
##### #...##
##..# ####


You could see 2 orcs.

Vanquished Creatures
  Crazy Yiuf (D:2)
  An orc wizard (D:3)
  A gnoll (D:1)
  2 adders (D:2)
  2 dart slugs (D:1)
  5 endoplasms
  2 giant cockroaches
  4 goblins
  7 hobgoblins
  A kobold (D:1)
  2 quokkas (D:3)
  A ball python (D:1)
  3 bats
  4 frilled lizards
  3 rats
39 creatures vanquished.

Notes
Turn   | Place    | Note
-------+----------+-------------------------------------------
     0 | D:1      | flickminster the Draconian Transmuter began the quest for
                  | the Orb.
     0 | D:1      | Reached XP level 1. HP: 16/16 MP: 3/3
   292 | D:1      | Reached XP level 2. HP: 13/23 MP: 5/5
   940 | D:1      | Reached XP level 3. HP: 16/29 MP: 4/6
  1498 | D:2      | Found a faded altar of an unknown god.
  1788 | D:2      | HP: 2/43 [poisoned by an adder]
  2341 | D:2      | Found a runed translucent door.
  2342 | D:2      | Noticed Crazy Yiuf
  2431 | D:2      | Killed Crazy Yiuf
  2432 | D:2      | Reached XP level 4. HP: 17/36 MP: 5/7
  2762 | D:3      | Found an ornate altar of the Wu Jian Council.
  3047 | D:3      | Slain by an orc

Illustrated notes

Levels and vault maps discovered:
D:1:      minmay_arrival_open_corners, layout_loops_corners
D:2:      layout_basic, hellmonk_ecumenical_altar_inner_sanctum,
          uniq_crazy_yiuf_cottage
D:3:      layout_rooms, mainiacjoe_overflow_concentric_impassable, uniq_robin

Skill      XL: |  1  2  3 |
---------------+----------+-----
Dodging        | 2 |  2.5
Fighting       | 2 |  2.3
Unarmed Combat | |  3.6
Spellcasting   | |  2.7
Transmutations | |  2.8

Action                   |  1- 3 |  4- 6 || total
-------------------------+-------+-------++-------
Melee: Unarmed           |   101 |    53 ||   154
       Kick              |    11 |     7 ||    18
       Punch             |     2 |     2 ||     4
       Headbutt          |     3 |     2 ||     5
       Tailslap          |     6 |     7 ||    13
 Cast: Beastly Appendage |     9 |     4 ||    13
  Use: Potion            |     4 |       ||     4
Armor: Skin              |    30 |    34 ||    64
Dodge: Dodged            |    57 |    45 ||   102
